 Dungeon Crawl Stone Soup version 0.22-a0-322-g60b3cfd (webtiles) character file.

1629880 Gorice the Wrestler (level 27, 231/231 HPs)
             Began as a Demonspawn Wanderer on Mar 31, 2018.
             Was the Champion of Jiyva.
             Escaped with the Orb
             ... and 3 runes on Apr 5, 2018!
             The game lasted 09:04:15 (84483 turns).

Gorice the Wrestler (Demonspawn Wanderer)          Turns: 84483, Time: 09:04:16

Health: 231/231    AC: 59    Str: 33    XL:     27
Magic:  48/48      EV: 19    Int: 12    God:    Jiyva [******]
Gold:   6938       SH:  6    Dex: 20    Spells: 20/30 levels left

rFire    + . .     SeeInvis +     - Unarmed
rCold    . . .     Gourm    .   q - +0 buckler {AC+3}
rNeg     + . .     Faith    .   S - +12 crystal plate armour "Pugrefic" {SInv Stlth+}
rPois    +         Spirit   +   i - +1 helmet of Fortification {rF+ MP+9 Dex+3}
rElec    .         Reflect  .   d - +2 cloak of the Thief {+Fog Slay-2 SInv Stlth+}
rCorr    +         Harm     .   (gloves unavailable)
MR       ++...     Clarity  +   j - +2 pair of boots {run}
Stlth    ..........             T - amulet "Ujimo" {Regen+ Int+4 Dex+8 Stlth-}
HPRegen  0.88/turn              N - +4 ring of slaying
MPRegen  0.62/turn              z - +4 ring of slaying

@: quick
A: claws 3, hooves 1, slimy green scales 3, clarity, dopey 1, high mp 1,
negative energy resistance 1, spiny 3, 50% torment resistance, gelatinous body
1, jelly absorbing missiles, magic shield, magic regeneration, magic link, black
mark
0: Orb of Zot
}: 3/15 runes: decaying, silver, gossamer
a: Request Jelly, Slimify, Cure Bad Mutation, Renounce Religion, Evoke Fog


You escaped.
You worshipped Jiyva.
Jiyva was exalted by your worship.
You were completely stuffed.

You visited 12 branches of the dungeon, and saw 58 of its levels.
You visited the Abyss 2 times.
You also visited: Labyrinth, Trove, Ossuary, Volcano and Desolation.

You collected 9468 gold pieces.
You spent 2530 gold pieces at shops.

Inventory:

Hand Weapons
 B - a +5 blowgun
Missiles
 k - 9 poisoned javelins
 p - 15 curare-tipped needles
 y - 7 steel javelins (quivered)
 W - 8 needles of sleeping
 Z - 4 throwing nets
Armour
 d - the +2 cloak of the Thief (worn) {+Fog Slay-2 SInv Stlth+}
   (You bought it in a shop on level 12 of the Dungeon)

   It affects your accuracy and damage with ranged weapons and melee attacks
   (-2).
   It lets you see invisible.
   It makes you more stealthy.
 i - the +1 helmet of Fortification (worn) {rF+ MP+9 Dex+3}
   (You found it on level 2 of the Abyss)

   It affects your dexterity (+3).
   It protects you from fire.
   It affects your magic capacity (+9).
 j - a +2 pair of boots of running (worn)
   (You found it on level 7 of the Dungeon)
 q - a +0 buckler of protection (worn)
   (You took it off a spriggan defender on level 15 of the Dungeon)
 S - the +12 crystal plate armour "Pugrefic" (worn) {SInv Stlth+}
   (You found it on level 2 of the Elven Halls)

   It lets you see invisible.
   It makes you more stealthy.
Jewellery
 f - the ring "Onoshrug" {rF+ rC+ Int-2 SInv}
   (You found it in the Desolation of Salt)

   [ring of intelligence]

   It affects your intelligence (-2).
   It protects you from fire.
   It protects you from cold.
   It lets you see invisible.
 z - a +4 ring of slaying (right claw)
 C - an uncursed ring of resist corrosion
 F - the ring "Qogapa" {+Fly Dex+2}
   (You found it in a treasure trove)

   [ring of flight]

   It affects your dexterity (+2).
   It lets you fly.
 N - a +4 ring of slaying (left claw)
 T - the amulet "Ujimo" (around neck) {Regen+ Int+4 Dex+8 Stlth-}
   (You found it on level 6 of the Lair of Beasts)

   [amulet of regeneration]

   It affects your intelligence (+4).
   It affects your dexterity (+8).
   It increases your rate of regeneration.
   It makes you less stealthy.
 V - a +5 ring of slaying
Wands
 n - a wand of acid (37)
 v - a wand of paralysis (64)
 J - a wand of clouds (13)
 M - a wand of digging (1)
 P - a wand of scattershot (11)
Scrolls
 c - 6 scrolls of enchant weapon
 e - a scroll of summoning {!r}
 h - 25 scrolls of remove curse
 m - 22 scrolls of teleportation {!r}
 w - 6 scrolls of fog
 x - 21 scrolls of identify
 G - 3 scrolls of blinking
 H - 6 scrolls of fear {!r}
 I - a scroll of brand weapon
 K - 5 scrolls of magic mapping {!r}
 X - a scroll of silence {!r}
 Y - a scroll of amnesia
Potions
 a - 20 potions of curing
 b - 4 potions of mutation {!q}
 g - 4 potions of invisibility {!q}
 l - 7 potions of might {!q}
 o - a potion of resistance {!q}
 r - 3 potions of agility {!q}
 s - 2 potions of cancellation {!q}
 t - 6 potions of heal wounds {!q}
 D - 9 potions of haste {!q}
 E - 4 potions of berserk rage
 L - a potion of brilliance {!q}
 O - 2 potions of flight
Miscellaneous
 u - 6 boxes of beasts
 Q - a lamp of fire
 R - a phantom mirror
 U - 4 sacks of spiders
Comestibles
 A - 75 rations


   Skills:
 - Level 22.0 Fighting
   Level 2.6 Short Blades
 - Level 10.0 Throwing
 - Level 22.0 Armour
 - Level 16.0 Dodging
 - Level 1.0 Stealth
 - Level 4.0 Shields
 + Level 26.0 Unarmed Combat
 - Level 2.0 Spellcasting
 - Level 6.2 Summonings
 - Level 1.1 Necromancy
 - Level 18.0 Evocations


You had 20 spell levels left.
You knew the following spells:

 Your Spells              Type           Power        Failure   Level  Hunger
w - Spectral Weapon       Hex/Chrm       #.......     99%         3    ####...
A - Apportation           Tloc           #.....       88%         1    ##.....
B - Summon Butterflies    Summ           ###.....     16%         1    ##.....
R - Regeneration          Chrm/Necr      #.........   99%         3    ####...
S - Swiftness             Chrm/Air       #.......     96%         2    ###....


Dungeon Overview and Level Annotations

Branches:
Dungeon (15/15)            Temple (1/1) D:4            Lair (6/6) D:10
  Swamp (4/4) Lair:4       Spider (4/4) Lair:4        Slime (5/5) Lair:6
    Orc (2/2) D:9             Elf (3/3) Orc:2        Vaults (5/5) D:14
  Crypt (3/3) Vaults:2       Tomb (0/3) Crypt:3      Depths (5/5) D:15
    Zot (5/5) Depths:5

Altars:
Ashenzari
Cheibriados
Dithmenos
Elyvilon
Fedhas
Gozag
Hepliaklqana
Kikubaaqudgha
Makhleb
Nemelex Xobeh
Okawaru
Qazlal
Ru
Sif Muna
Trog
Uskayaw
Vehumet
Wu Jian
Xom
Yredelemnul
Zin
The Shining One
Beogh
Jiyva

Shops:
D:12 [   Orc:2 :(*!   Elf:2 *   Elf:3 (**[   Vaults:1 *   Depths:2 [
Depths:4 (   Depths:5 }[**

Portals:
Hell: Depths:1 Depths:2 Depths:3 Depths:4 Depths:5
Abyss: Depths:1 Depths:4
Pandemonium: Depths:1 Depths:3
Ziggurat: Depths:2

Annotations:
Spider:1 exclusion: Roxanne, Roxanne
Slime:5 Royal Jelly
Elf:2 2 runed doors
Depths:4 exclusion: 2 doors
Zot:4 1 transporter


Innate Abilities, Weirdness & Mutations

You have claws for hands.
You are completely covered in slimy green scales. (AC +4, rPois)
You resist negative energy. (rN+)
You are completely covered in sharp spines.
You are somewhat able to resist unholy torments (1 in 2 success).
When hurt, damage is shared between your health and your magic reserves.
You regenerate magic rapidly.
When low on magic, you restore magic in place of health.
Your melee attacks may debilitate your foes.
You have large cloven feet.
You possess an exceptional clarity of mind.
You are dopey. (Int -2)
You have an increased reservoir of magic. (+10% MP)
Your rubbery body absorbs attacks. (AC +1, EV +1)
You have a small jelly attached to you that may absorb incoming projectiles.


Message History

Unknown command.
Unknown command.
Unknown command.
There is an open door here.
You see here a hand axe.
There is an open door, spattered with blood here.
Items here: )))))) [[[
Things that are here:
a leather armour; a dagger
There is an open door here.
Jiyva's power touches on your attributes.
You feel clever.
You feel clumsy.
There is a stone staircase leading up here.
You climb upwards.
There is a stone staircase leading down here.
You see here a runed leather armour.
There is an open door here.
There is a stone staircase leading up here.
You climb upwards.
There is a stone staircase leading down here.
There is an escape hatch in the ceiling here.
A mysterious force pulls you upwards. The hatch slams shut behind you.
Evoke which item? (* to show all) (? for menu, Esc to quit)
Aiming: Dig
Press: ? - help, Shift-Dir - straight line The rock shatters into small pieces.
An infernal demonspawn comes into view. It is wielding a great sword.
There is a stone staircase leading up here.
You climb upwards.
There is a stone staircase leading down here.
Jiyva says: Divide and consume!
You hear a distant slurping noise.
You feel a little less hungry.
You hear a distant slurping noise.
Jiyva appreciates your sacrifice.
You feel a little less hungry.
You hear a distant slurping noise.
Jiyva appreciates your sacrifice.
You feel a little less hungry.
There is a stone staircase leading up here.
You hear a distant slurping noise.
You feel a little less hungry.
You climb upwards.
There is a stone staircase leading down here.
An Orb Guardian comes into view.
There is an open door here.
There is a staircase leading out of the dungeon here.
You hear a distant slurping noise.
You feel a little less hungry.
You have escaped!

.#.#.#.###########..'........#...
.#.#.......#........#........#...
)#.###.###.#........#........#...
.#.#.....#.#.......X.........#...
.#.#.#.#.#.#######.#.........##..
.#.#.#.#.#.#...).X.#...#####....>
.#.#.#...#.#.###'###############.
.#.....###...##...# #.........#.
.###########.##.@.# #.#######.#.
.# #......#.##...# #.# ### #.#.
.####.###.######'#####.# #.###.#.
.'..#.# #.#..........#.###.....#.
.##.#.###....##......#...........
.##.#......####......#####.#.....
.##.#......# #......# ###'##....
.##.'......# #......###.....####
.####......# #......'.......#


You could see an Orb Guardian.

Vanquished Creatures
  3 orbs of fire (Zot:5)
  Mara (Crypt:1)
  4 ancient liches
  A juggernaut (Depths:3)
  Xtahua (Depths:4)
  Margery (Depths:3)
  Frederick (Depths:3)
  2 caustic shrikes (Depths:3)
  3 curse toes
  Bai Suzhen (Elf:3)
  8 Killer Klowns
  Nikola (Vaults:2)
  7 golden dragons
  the Enchantress (D:15)
  Arachne (Spider:4)
  2 bone dragons
  4 electric golems
  Jorgrun (Vaults:1)
  9 liches
  11 tentacled monstrosities
  2 titans (Vaults:5)
  23 Orb Guardians
  A deep elf blademaster (Elf:3)
  A deep elf master archer (Elf:3)
  5 quicksilver dragons
  A tentacled starspawn (Abyss:3)
  8 death cobs
  10 sphinxes
  7 acid blobs
  9 shadow dragons
  Frances (Swamp:2)
  2 ancient champions
  Donald (Crypt:1)
  Agnes (D:14)
  10 tengu reavers
  2 thorn hunters (Swamp:4)
  9 storm dragons
  4 draconian monks
  8 azure jellies
  13 frost giants
  10 fire giants
  9 deep elf sorcerers
  5 ghost moths
  5 draconian scorchers
  5 draconian knights
  An imperial myrmidon (Desolation)
  2 iron dragons
  Aizul (Swamp:4)
  6 deep elf elementalists
  A balrug (Depths:1)
  20 vault wardens
  4 draconian shifters
  2 curse skulls
  A juggernaut zombie (Depths:4)
  3 emperor scorpions
  A reaper (Zot:2)
  14 ironheart preservers
  30 very ugly things
  3 entropy weavers
  3 ghouls
  5 spriggan defenders
  6 draconian annihilators
  22 stone giants
  5 draconian stormcallers
  4 war gargoyles
  9 green draconians
  10 deep elf demonologists
  6 white draconians
  12 black draconians
  9 vampire knights
  16 spark wasps
  A lorocyproca (Abyss:3)
  A minotaur (Lab)
  10 deep elf annihilators
  8 purple draconians
  A death ooze (Slime:5)
  16 red draconians
  11 yellow draconians
  20 ettins
  3 halazid warlocks (Desolation)
  Snorg (Orc:1)
  5 deep elf death magi
  2 crystal guardians
  6 jiangshi
  19 yaktaur captains
  A quicksilver dragon zombie (Crypt:1)
  11 deep elf high priests (Elf:3)
  21 hydras
  12 fire dragons
  7 ragged hierophants (Desolation)
  16 great orbs of eyes
  3 peacekeepers (Desolation)
  8 servants of whispers
  A quicksilver dragon skeleton (Crypt:1)
  22 ice dragons
  4 rakshasas
  35 vault guards
  2 catoblepae
  4 ghost crabs
  2 spriggan air magi
  The ghost of Karim the Nimble, a journeyman GnGl of Hepliaklqana (Lair:1)
  13 alligators
  34 two-headed ogres
  11 centaur warriors
  29 dancing weapons
  6 death knights
  7 death yaks
  11 ogre magi
  A death yak (shapeshifter) (Vaults:5)
  An alligator (shapeshifter) (Vaults:5)
  6 deep troll shamans
  7 tengu warriors
  2 spectral storm dragons (Crypt:2)
  10 spriggan berserkers
  A hell hog (Volcano)
  5 orc high priests
  3 thrashing horrors (Abyss:3)
  8 deep troll earth magi
  23 deep elf knights
  9 vampire magi
  3 soul eaters
  30 hell knights
  A titan skeleton (Crypt:2)
  Urug (D:14)
  3 salamander mystics
  3 sun demons
  A wretched star (Abyss:3)
  2 storm dragon zombies
  A fire crab (shapeshifter) (Vaults:5)
  An unseen horror (shapeshifter) (Elf:2)
  3 spatial maelstroms
  6 iron trolls
  A deep troll (shapeshifter) (Depths:2)
  31 skeletal warriors
  6 flayed ghosts
  2 golden dragon zombies
  4 unseen horrors
  A glowing orange brain (shapeshifter) (Depths:1)
  7 glowing orange brains
  A sixfirhy (Abyss:3)
  2 anaconda zombies
  6 wizards
  3 starcursed masses (Abyss:3)
  A quicksilver dragon simulacrum (Crypt:1)
  19 ironbrand convokers
  13 deep trolls
  A shadow dragon zombie (D:15)
  A lindwurm (Lair:6)
  2 harpies
  18 necromancers
  16 phantasmal warriors
  9 swamp dragons
  3 sphinx zombies
  A lindwurm (shapeshifter) (Depths:3)
  17 orb spiders
  20 orc knights
  20 deep elf archers
  10 orc sorcerers
  2 frost giant zombies
  69 deep elf magi
  4 shining eyes
  An orb spider (shapeshifter) (Depths:1)
  A shadow dragon skeleton (Depths:2)
  2 spectral ice dragons (Crypt:2)
  2 fire giant zombies
  54 ugly things
  An iron dragon zombie (Depths:3)
  A manticore (shapeshifter) (Vaults:5)
  7 salamanders
  2 cyclopes
  2 spectral fire dragons (Crypt:2)
  31 wolf spiders
  2 elephants (shapeshifter)
  A manticore (D:14)
  A cyclops (shapeshifter) (Vaults:3)
  An iron dragon skeleton (Crypt:1)
  A shock serpent zombie (Crypt:1)
  A fire giant skeleton (Crypt:1)
  An elf zombie (Depths:4)
  A frost giant skeleton (Crypt:1)
  2 stone giant skeletons
  19 moths of wrath
  3 stone giant zombies
  25 vault sentinels
  10 elephants
  5 black mambas
  4 guardian serpents (Desolation)
  3 eyes of devastation
  5 gargoyles
  An ice statue (Lair:3)
  24 spiny frogs
  A torpor snail (Spider:4)
  5 smoke demons
  A guardian serpent (shapeshifter) (Depths:3)
  A catoblepas zombie (Crypt:3)
  3 rime drakes
  A storm dragon simulacrum (Depths:2)
  5 molten gargoyles
  4 human zombies
  A rime drake (shapeshifter) (Vaults:1)
  5 centaur skeletons
  2 spiny frogs (shapeshifter)
  2 yaktaurs (shapeshifter)
  2 kobold demonologists
  A hellion (Depths:3)
  2 orange demons
  A shock serpent skeleton (Crypt:1)
  3 ice devils
  8 demonic crawlers
  A hellwing (Depths:4)
  A golden dragon simulacrum (Depths:3)
  6 freezing wraiths
  61 yaktaurs
  2 guardian mummies (Vaults:2)
  8 komodo dragons
  An elf skeleton (Depths:4)
  A harpy zombie (Crypt:2)
  A hydra zombie (Crypt:3)
  An ancient zyme (Abyss:3)
  A white draconian skeleton (Crypt:1)
  9 red devils
  16 tyrant leeches
  A merfolk (shapeshifter) (Elf:3)
  A catoblepas skeleton (Crypt:3)
  7 trolls
  31 jumping spiders
  5 tengu conjurers
  2 meliai (shapeshifter)
  2 polar bears
  A tengu simulacrum (Depths:3)
  A jumping spider (shapeshifter) (Depths:1)
  15 hornets
  A yellow draconian skeleton (Crypt:1)
  2 hornets (shapeshifter)
  25 blink frogs
  Prince Ribbit (D:6)
  54 saltlings
  An ice dragon zombie (Crypt:3)
  8 bog bodies
  4 raiju (Abyss:2)
  A tarantella zombie (Crypt:2)
  2 fire giant simulacra
  88 slime creatures
  12 hippogriffs
  2 fire dragon zombies (Crypt:2)
  59 redbacks
  2 black mamba zombies
  5 air elementals
  A meliai zombie (D:14)
  A fire dragon skeleton (Crypt:3)
  16 flying skulls
  A frost giant simulacrum (Crypt:1)
  A redback (shapeshifter) (D:14)
  Sigmund (D:2)
  4 shadows
  2 centaur simulacra
  A dire elephant simulacrum (Abyss:2)
  A wyvern (shapeshifter) (Vaults:5)
  9 spriggans
  3 tarantellas (shapeshifter)
  28 tarantellas
  8 wraiths
  A deep troll skeleton (D:15)
  A wind drake zombie (Crypt:1)
  3 water elementals
  A black mamba skeleton (Crypt:1)
  An ettin skeleton (Depths:2)
  6 vampires
  3 basilisks
  A fire bat (shapeshifter) (Vaults:5)
  A human (D:10)
  4 wyverns
  5 hungry ghosts
  9 fire bats
  A golden eye (shapeshifter) (Vaults:1)
  Grum (D:11)
  2 chaos spawn
  A steam dragon (Volcano)
  49 yaks
  2 neqoxecs (Abyss:3)
  2 fire elementals
  A yaktaur simulacrum (Vaults:2)
  22 vampire mosquitoes
  Edmund (D:4)
  Menkaure (D:6)
  9 insubstantial wisps
  16 swamp worms
  A glowing shapeshifter zombie (Crypt:2)
  A warg (shapeshifter) (Depths:5)
  An acid dragon (Zot:3)
  11 wargs
  A soldier ant (D:14)
  10 water moccasins
  7 hell hounds
  A spiny frog zombie (Crypt:3)
  2 floating eyes
  A floating eye (shapeshifter) (Elf:2)
  A manticore zombie (Crypt:2)
  9 porcupines
  7 ice beasts
  An alligator simulacrum (Crypt:1)
  A black bear (D:11)
  8 swamp drakes
  A snapping turtle zombie (Crypt:2)
  3 necrophages (D:7)
  5 eyes of draining
  40 orc warriors
  4 sky beasts
  9 large abominations (Abyss:3)
  An ogre (shapeshifter) (Vaults:3)
  2 phantoms
  21 wolves
  10 boggarts
  A snapping turtle skeleton (Crypt:3)
  A dream sheep skeleton (Crypt:1)
  32 ogres
  18 centaurs
  6 crocodiles
  A big kobold (D:10)
  A fire crab zombie (Crypt:1)
  A swamp dragon skeleton (Crypt:3)
  29 bullfrogs
  4 human skeletons
  4 earth elementals (Depths:1)
  A glowing shapeshifter simulacrum (Vaults:1)
  A wyvern zombie (D:10)
  4 small abominations
  3 scorpions
  4 wyvern skeletons
  12 killer bees
  5 wights (D:12)
  A troll skeleton (Crypt:1)
  4 howler monkeys
  A howler monkey (shapeshifter) (Vaults:5)
  8 electric eels
  A raiju skeleton (Crypt:2)
  A spectral centaur (D:10)
  14 crimson imps
  4 centaur zombies
  A bullfrog skeleton (D:5)
  4 jellies
  4 quasits
  4 lava snakes (Volcano)
  2 bullfrog zombies
  5 hounds
  32 orc wizards
  Crazy Yiuf (D:5)
  A black bear zombie (Crypt:2)
  30 orc priests
  Ijyb (D:5)
  7 iguanas
  Terence (D:3)
  5 worker ants
  A killer bee zombie (D:7)
  5 big kobold zombies (Ossuary)
  2 hound zombies
  A hound skeleton (D:9)
  5 mummies
  4 worker ant zombies
  7 adders
  A howler monkey skeleton (D:11)
  A scorpion zombie (Crypt:1)
  2 shadow imps
  4 white imps
  3 oozes
  An adder zombie (D:9)
  An adder skeleton (D:10)
  4 worms
  A worm (shapeshifter) (Vaults:2)
  3 dart slugs
  3 leopard geckos
  93 orcs
  5 spectral bats (Ossuary)
  7 giant cockroaches
  8 gnoll zombies
  6 goblins
  6 hobgoblins
  4 jackals (D:1)
  2 quokkas
  A river rat zombie (Crypt:2)
  A ball python (D:3)
  A ball python zombie (Crypt:1)
  6 bats
  A bat simulacrum (Ossuary)
  3 frilled lizards
  A giant cockroach zombie (D:5)
  4 goblin simulacra (Ossuary)
  5 goblin zombies (Ossuary)
  2 hobgoblin zombies (Ossuary)
  A jackal zombie (D:6)
  8 kobolds
  A kobold simulacrum (Ossuary)
  6 kobold zombies
  A leopard gecko skeleton (D:7)
  6 orc zombies (Ossuary)
  A quokka skeleton (D:4)
  A quokka zombie (D:7)
  5 rats
  7 rat simulacra (Ossuary)
  A rat zombie (Crypt:1)
  4 spectral goblins (Ossuary)
  2 spectral kobolds (Ossuary)
  4 spectral rats (Ossuary)
  A plant (Lair:4)
2795 creatures vanquished.

Vanquished Creatures (others)
  A golden dragon (Zot:2)
  A tentacled monstrosity (Zot:5)
  2 acid blobs
  A draconian monk (Zot:2)
  A frost giant (Depths:1)
  A draconian stormcaller (Zot:2)
  2 white draconians
  A yellow draconian (Zot:2)
  A red draconian (Zot:2)
  A deep elf knight (Vaults:4)
  An unseen horror (Vaults:1)
  A deep elf mage (Vaults:1)
  An orb spider (Spider:4)
  2 moths of wrath
  A smoke demon (Zot:2)
  An eye of devastation (Slime:5)
  A slime creature (Slime:5)
  A saltling (Desolation)
  A water elemental (Elf:1)
  A tarantella (Spider:4)
  A boggart (Depths:1)
  50 jellies
  An orc (D:9)
  A briar patch (Swamp:4)
  A bush (D:7)
  24 fungi (Lair:6)
  57 plants
  A starspawn tentacle (Abyss:3)
159 creatures vanquished.

Grand Total: 2954 creatures vanquished

Notes
Turn   | Place    | Note
-------+----------+-------------------------------------------
     0 | D:1      | Gorice the Demonspawn Wanderer began the quest for the Orb.
     0 | D:1      | Gorice set off with: a +2 short sword, a potion of curing, a wand of random effects (15), a +0 robe, a ration
     0 | D:1      | Reached XP level 1. HP: 15/15 MP: 3/3
   217 | D:1      | Reached skill level 2 in Fighting
   221 | D:1      | Gained mutation: You have sharp fingernails. [demonic ancestry]
   221 | D:1      | Reached XP level 2. HP: 17/22 MP: 5/5
   611 | D:1      | Reached skill level 1 in Unarmed Combat
   757 | D:1      | Gained mutation: When hurt, damage is shared between your health and your magic reserves. [demonic ancestry]
   757 | D:1      | Reached XP level 3. HP: 25/27 MP: 6/6
  1228 | D:2      | Noticed Sigmund
  1256 | D:2      | Reached skill level 1 in Armour
  1286 | D:2      | Reached skill level 2 in Unarmed Combat
  1355 | D:2      | Gained mutation: You are partially covered in slimy green scales. (AC +2) [demonic ancestry]
  1355 | D:2      | Reached XP level 4. HP: 33/33 MP: 7/7
  1951 | D:2      | Killed Sigmund
  1951 | D:2      | Reached skill level 2 in Armour
  1951 | D:2      | Reached skill level 3 in Unarmed Combat
  1951 | D:2      | Reached XP level 5. HP: 28/38 MP: 6/8
  2187 | D:3      | Noticed Terence
  2372 | D:3      | Found an ornate altar of the Wu Jian Council.
  2672 | D:3      | Reached skill level 4 in Unarmed Combat
  2998 | D:3      | Killed Terence
  2998 | D:3      | Reached XP level 6. HP: 43/44 MP: 9/9
  3684 | D:4      | Found a sparkling altar of Nemelex Xobeh.
  3805 | D:4      | Reached skill level 3 in Armour
  4012 | D:4      | Found a staircase to the Ecumenical Temple.
  4023 | Temple   | Entered the Ecumenical Temple
  4249 | D:4      | Reached skill level 5 in Unarmed Combat
  4249 | D:4      | Gained mutation: You regenerate magic rapidly. [demonic ancestry]
  4249 | D:4      | Reached XP level 7. HP: 50/50 MP: 10/10
  4847 | D:4      | Found a glowing golden altar of the Shining One.
  4940 | D:5      | Entered Level 5 of the Dungeon
  4968 | D:5      | Noticed Edmund
  5008 | D:4      | Killed Edmund
  5008 | D:4      | Reached skill level 4 in Armour
  5008 | D:4      | Reached skill level 6 in Unarmed Combat
  5017 | D:4      | HP: 14/50 [sky beast (4)]
  5381 | D:5      | Noticed Ijyb
  5397 | D:5      | Killed Ijyb
  5397 | D:5      | Gained mutation: You are partially covered in sharp spines. [demonic ancestry]
  5397 | D:5      | Reached XP level 8. HP: 56/56 MP: 11/11
  5701 | D:5      | Reached skill level 7 in Unarmed Combat
  5834 | D:5      | Found a runed door.
  5838 | D:5      | Noticed Crazy Yiuf
  5860 | D:5      | Killed Crazy Yiuf
  6037 | D:6      | Reached skill level 5 in Armour
  6113 | D:6      | Found a shadowy altar of Dithmenos.
  6217 | D:6      | Reached skill level 8 in Unarmed Combat
  6276 | D:6      | Found a blossoming altar of Fedhas.
  6290 | D:6      | Found a sand-covered staircase.
  6290 | D:6      | Noticed Menkaure
  6297 | Ossuary  | Entered an ossuary
  6947 | Ossuary  | Gained mutation: You are mostly covered in slimy green scales. (AC +3) [demonic ancestry]
  6947 | Ossuary  | Reached XP level 9. HP: 61/61 MP: 12/12
  7115 | D:6      | Reached skill level 6 in Armour
  7128 | D:6      | HP: 27/91 [Menkaure (3)]
  7132 | D:6      | Killed Menkaure
  7132 | D:6      | Reached skill level 9 in Unarmed Combat
  7382 | D:6      | Noticed Prince Ribbit
  7434 | D:6      | Upgraded the game from 0.22-a0-305-gd21a89c to 0.22-a0-307-g2b15929
  7796 | D:6      | Killed Prince Ribbit
  8078 | D:7      | Identified a +2 pair of boots of running (You found it on level 7 of the Dungeon)
  8078 | D:7      | --nice!
  8382 | D:7      | Reached skill level 7 in Armour
  8382 | D:7      | Reached skill level 10 in Unarmed Combat
  8503 | D:7      | Found a blossoming altar of Fedhas.
  8978 | D:8      | Found an ancient bone altar of Kikubaaqudgha.
  8978 | D:8      | Found an opulent altar of Gozag.
  9045 | D:8      | Reached XP level 10. HP: 67/67 MP: 13/13
  9470 | D:8      | Noticed a two-headed ogre
  9479 | D:8      | Killed a two-headed ogre
  9479 | D:8      | Reached skill level 8 in Armour
  9479 | D:8      | Reached skill level 11 in Unarmed Combat
  9672 | D:8      | HP: 15/67 [orc priest/divine providence (11)]
  9676 | D:8      | HP: 6/67 [orc priest/divine providence (11)]
 10670 | D:9      | Found a staircase to the Orcish Mines.
 10909 | D:9      | Found a shadowy altar of Dithmenos.
 10993 | D:10     | Entered Level 10 of the Dungeon
 10993 | D:10     | Found a staircase to the Lair.
 11016 | D:10     | Reached skill level 12 in Unarmed Combat
 11112 | D:10     | Noticed a two-headed ogre
 11328 | D:10     | Gained mutation: You have very sharp fingernails. [demonic ancestry]
 11328 | D:10     | Reached XP level 11. HP: 72/72 MP: 14/14
 11397 | D:10     | Reached skill level 9 in Armour
 11572 | D:10     | Killed a two-headed ogre
 11834 | D:10     | Reached skill level 13 in Unarmed Combat
 11847 | D:10     | Noticed a two-headed ogre
 11879 | D:10     | Killed a two-headed ogre
 12434 | Lair:1   | Entered Level 1 of the Lair of Beasts
 12442 | Lair:1   | Found a labyrinth entrance.
 12448 | Lair:1   | Noticed Karim's ghost (journeyman GnGl)
 12470 | Lair:1   | Killed Karim's ghost
 12486 | Lab      | Entered a labyrinth
 12908 | Lab      | Noticed a minotaur
 12925 | Lab      | Killed a minotaur
 12925 | Lab      | Reached skill level 10 in Armour
 12932 | Lab      | Identified the Papyrus of the Congealing Entourage
 13326 | Lair:1   | Reached skill level 14 in Unarmed Combat
 13380 | Lair:1   | Gained mutation: You have claws for hands. [demonic ancestry]
 13380 | Lair:1   | Reached XP level 12. HP: 71/78 MP: 15/15
 13826 | Lair:2   | Noticed a four-headed hydra
 13843 | Lair:2   | Killed a four-headed hydra
 13905 | Lair:2   | Reached skill level 3 in Fighting
 14337 | Lair:2   | You fall through a shaft!
 14435 | Lair:3   | Reached skill level 4 in Fighting
 14643 | Lair:3   | Reached skill level 11 in Armour
 14667 | Lair:3   | Reached skill level 5 in Fighting
 15078 | Lair:3   | Reached skill level 6 in Fighting
 15533 | Lair:1   | Identified 2 scrolls of acquirement
 15923 | Lair:4   | Gained mutation: You are mostly covered in sharp spines. [demonic ancestry]
 15923 | Lair:4   | Reached XP level 13. HP: 94/94 MP: 16/16
 15948 | Lair:4   | Found a staircase to the Swamp.
 16168 | Lair:4   | Reached skill level 15 in Unarmed Combat
 16302 | Lair:4   | Found a hole to the Spider Nest.
 16317 | Lair:4   | Reached skill level 7 in Fighting
 16895 | Lair:5   | Found a dark tunnel.
 16916 | Volcano  | Entered a volcano
 16946 | Volcano  | Reached skill level 12 in Armour
 17075 | Volcano  | Found a bloodstained altar of Trog.
 17157 | Volcano  | Noticed a fire dragon
 17163 | Volcano  | Killed a fire dragon
 17342 | Lair:5   | Reached skill level 8 in Fighting
 17901 | Lair:6   | Entered Level 6 of the Lair of Beasts
 17901 | Lair:6   | Found a staircase to the Slime Pits.
 18294 | Lair:6   | Reached skill level 9 in Fighting
 18574 | Lair:6   | Reached XP level 14. HP: 100/108 MP: 15/17
 18755 | Lair:6   | Got a translucent iron amulet
 18775 | Lair:6   | Reached skill level 13 in Armour
 19009 | Lair:6   | Reached skill level 16 in Unarmed Combat
 19041 | Lair:6   | Identified the amulet "Ujimo" {Regen+ Int+4 Dex+8 Stlth-} (You found it on level 6 of the Lair of Beasts)
 19180 | Lair:6   | HP: 31/109 [poisoned by a spiny frog]
 19185 | Lair:6   | HP: 25/109 [poisoned by a spiny frog]
 19190 | Lair:6   | HP: 21/109 [poisoned by a spiny frog]
 19195 | Lair:6   | HP: 20/109 [poisoned by a spiny frog]
 19201 | Lair:6   | HP: 20/109 [poisoned by a spiny frog]
 19207 | Lair:6   | HP: 21/109 [poisoned by a spiny frog]
 19212 | Lair:6   | HP: 22/109 [poisoned by a spiny frog]
 19220 | Lair:6   | HP: 26/109 [poisoned by a spiny frog]
 19451 | Lair:6   | Reached skill level 10 in Fighting
 20104 | Orc:1    | Entered Level 1 of the Orcish Mines
 20130 | Orc:1    | Found a roughly hewn altar of Beogh.
 20239 | Orc:2    | Entered Level 2 of the Orcish Mines
 20247 | Orc:2    | Noticed Snorg
 20275 | Orc:2    | HP: 26/110 [orc priest/divine providence (10)]
 20282 | Orc:2    | HP: 30/110 [warg (9)]
 20749 | Orc:1    | Killed Snorg
 20829 | Orc:2    | Found a staircase to the Elven Halls.
 21060 | Orc:2    | Gained mutation: You are dopey. (Int -2) [a neqoxec]
 21233 | Orc:2    | Paralysed by an orc sorcerer for 3 turns
 21432 | Orc:2    | Found Derycemn's Antique Weapon Shoppe.
 21432 | Orc:2    | Found Mopon's Book Shoppe.
 21433 | Orc:2    | Found Inischyn's Distillery.
 21433 | Orc:2    | Found Utsufa's General Store.
 21910 | Orc:2    | Bought 2 potions of cancellation for 288 gold pieces
 21910 | Orc:2    | Bought a potion of heal wounds for 90 gold pieces
 21910 | Orc:2    | Bought a potion of mutation for 144 gold pieces
 21914 | Orc:2    | Upgraded the game from 0.22-a0-307-g2b15929 to 0.22-a0-322-g60b3cfd
 21919 | Orc:2    | Reached skill level 5 in Evocations
 21919 | Orc:2    | Gained mutation: You are completely covered in slimy green scales. (AC +4, rPois) [demonic ancestry]
 21919 | Orc:2    | Reached XP level 15. HP: 117/117 MP: 17/19
 21927 | Orc:2    | Bought a potion of heal wounds for 80 gold pieces
 22293 | D:11     | Noticed a sphinx
 22384 | D:11     | Killed a sphinx
 22384 | D:11     | Reached skill level 11 in Fighting
 22513 | D:11     | Noticed Grum
 22534 | D:11     | Killed Grum
 22850 | D:12     | Found Xeenis's Antique Armour Boutique.
 22885 | D:12     | Bought the +2 cloak of the Thief {+Fog Slay-2 SInv Stlth+} for 663 gold pieces
 22885 | D:12     | Found the +2 cloak of the Thief {+Fog Slay-2 SInv Stlth+}
 23554 | D:12     | Reached XP level 16. HP: 120/125 MP: 18/20
 23714 | D:12     | Found a portal to a secret trove of treasure.
 23978 | D:13     | Reached skill level 14 in Armour
 24632 | D:14     | Found a glowing golden altar of the Shining One.
 24651 | D:14     | Noticed Agnes
 24673 | D:14     | Killed Agnes
 24903 | D:14     | Noticed Urug
 24927 | D:14     | Killed Urug
 24956 | D:14     | Found a gate to the Vaults.
 24974 | D:14     | Reached skill level 17 in Unarmed Combat
 25497 | D:10     | Reached skill level 12 in Fighting
 25567 | D:15     | Entered Level 15 of the Dungeon
 25604 | D:15     | Found a staircase to the Depths.
 26621 | Swamp:1  | Entered Level 1 of the Swamp
 27345 | Swamp:1  | Noticed a tentacled monstrosity
 27367 | Swamp:1  | Killed a tentacled monstrosity
 27794 | Swamp:2  | Noticed Frances
 27813 | Swamp:2  | Killed Frances
 27813 | Swamp:2  | Reached skill level 15 in Armour
 28046 | Swamp:3  | Reached skill level 13 in Fighting
 28324 | Swamp:3  | Gained mutation: When low on magic, you restore magic in place of health. [demonic ancestry]
 28324 | Swamp:3  | Reached XP level 17. HP: 111/136 MP: 21/21
 29097 | Spider:1 | Entered Level 1 of the Spider Nest
 29316 | Spider:1 | Noticed Roxanne
 29937 | Spider:1 | Reached skill level 18 in Unarmed Combat
 30636 | Spider:2 | Reached skill level 14 in Fighting
 31548 | Spider:4 | Entered Level 4 of the Spider Nest
 31683 | Spider:4 | Noticed Arachne
 31702 | Spider:4 | Killed Arachne
 31945 | Spider:4 | Reached skill level 16 in Armour
 32079 | Spider:4 | Reached skill level 6 in Evocations
 32568 | Spider:4 | Reached XP level 18. HP: 98/147 MP: 23/23
 32887 | Spider:4 | Reached skill level 7 in Evocations
 33204 | Spider:4 | Got a gossamer rune of Zot
 33654 | Swamp:4  | Entered Level 4 of the Swamp
 33882 | Swamp:4  | Reached skill level 15 in Fighting
 34004 | Swamp:4  | Got a bloodstained scale mail
 34008 | Swamp:4  | Identified the +0 scale mail of Okawaru's Outrage {+Inv rC- Regen+} (You took it off a spriggan on level 4 of the Swamp)
 34249 | Swamp:4  | Reached skill level 8 in Evocations
 34340 | Swamp:4  | Noticed Aizul
 34358 | Swamp:4  | Killed Aizul
 34663 | Swamp:4  | Got a decaying rune of Zot
 34880 | Swamp:4  | Reached skill level 19 in Unarmed Combat
 35597 | Vaults:1 | Entered Level 1 of the Vaults
 35625 | Vaults:1 | Got a slimy brass amulet
 35626 | Vaults:1 | Identified the amulet "Goesti" {Reflect rC+ MP+9 Str+5 SH+3} (You found it on level 1 of the Vaults)
 35676 | Vaults:1 | Noticed an Ice Fiend
 35902 | D:14     | Reached skill level 9 in Evocations
 36894 | Vaults:1 | Found Nydidwod's General Store.
 37999 | Vaults:1 | HP: 37/151 [vault warden/long sword of slicing (12)]
 38483 | Vaults:1 | Noticed Jorgrun
 38506 | Vaults:1 | Killed Jorgrun
 38506 | Vaults:1 | Reached skill level 16 in Fighting
 38671 | Vaults:1 | Reached skill level 10 in Evocations
 38851 | Vaults:1 | Reached XP level 19. HP: 140/157 MP: 24/26
 39816 | Vaults:2 | Found a staircase to the Crypt.
 39902 | Vaults:2 | HP: 39/157 [flayed ghost/flay_damage (13)]
 39914 | Vaults:2 | Reached skill level 11 in Evocations
 40717 | Vaults:2 | Reached skill level 20 in Unarmed Combat
 40957 | Vaults:2 | Reached skill level 12 in Evocations
 41020 | Vaults:2 | Noticed Nikola
 41038 | Vaults:2 | Killed Nikola
 41038 | Vaults:2 | Reached skill level 1 in Throwing
 41206 | Vaults:3 | Found a ruined gateway.
 41211 | Desolati | Entered the Desolation of Salt
 41234 | Desolati | Reached skill level 2 in Throwing
 41344 | Desolati | Reached skill level 3 in Throwing
 41418 | Desolati | Got a bound amber ring
 41427 | Desolati | Identified the cursed ring "Onoshrug" {rF+ rC+ Int-2 SInv} (You found it in the Desolation of Salt)
 41486 | Desolati | Reached skill level 4 in Throwing
 41505 | Desolati | HP: 28/157 [crystal guardian/crystal bolt (23)]
 41522 | Desolati | Identified the +3 chain mail of Perpetual Drought {Int+2} (You found it in the Desolation of Salt)
 41524 | Desolati | Identified Sif Muna's Volume of Air and Toxins
 41527 | Desolati | Identified the Guide on Glamour
 41727 | Desolati | HP: 45/157 [servant of whispers/bolt of lightning (20)]
 41732 | Desolati | HP: 24/157 [servant of whispers/bolt of lightning (22)]
 41998 | Desolati | HP: 39/157 [crystal guardian (23)]
 41999 | Desolati | HP: 18/157 [crystal guardian/crystal bolt (6)]
 42000 | Desolati | HP: 3/157 [crystal guardian (18)]
 42230 | Desolati | Reached skill level 5 in Throwing
 42389 | Desolati | Reached XP level 20. HP: 161/164 MP: 29/29
 42746 | Vaults:2 | Reached skill level 6 in Throwing
 43126 | Vaults:3 | HP: 40/164 [white ugly thing (19)]
 43137 | Vaults:2 | HP: 42/164 [wizard/orb of energy (15)]
 43143 | Vaults:2 | Reached skill level 7 in Throwing
 43825 | Vaults:3 | Reached skill level 21 in Unarmed Combat
 43987 | Vaults:3 | Reached skill level 8 in Throwing
 45935 | Vaults:4 | Reached skill level 9 in Throwing
 46119 | Vaults:4 | Cast into level 2 of the Abyss (a deep elf sorcerer)
 46134 | Abyss:2  | Got a bloodstained helmet
 46135 | Abyss:2  | Identified the +1 helmet of Fortification {rF+ MP+9 Dex+3} (You found it on level 2 of the Abyss)
 46337 | Vaults:4 | Escaped the Abyss
 46950 | Vaults:4 | Reached skill level 10 in Throwing
 47001 | Vaults:4 | Gained mutation: You are completely covered in sharp spines. [demonic ancestry]
 47001 | Vaults:4 | Reached XP level 21. HP: 74/171 MP: 29/30
 47859 | Crypt:1  | Entered Level 1 of the Crypt
 48051 | Crypt:1  | Noticed Donald
 48071 | Crypt:1  | Killed Donald
 48100 | Crypt:1  | HP: 41/171 [flayed ghost/flay_damage[a death knight] (20)]
 48254 | Crypt:1  | Reached skill level 22 in Unarmed Combat
 48491 | Crypt:1  | Noticed Mara
 48555 | Crypt:1  | Killed Mara
 48792 | Crypt:1  | HP: 47/172 [vampire knight/vampiric draining (13)]
 48797 | Crypt:1  | HP: 25/172 [vampire knight/vampiric draining (7)]
 49285 | Crypt:1  | Learned a level 1 spell: Apportation
 49287 | Crypt:1  | Learned a level 1 spell: Summon Butterflies
 49304 | Crypt:2  | Learned a level 2 spell: Swiftness
 49308 | Crypt:2  | Learned a level 3 spell: Regeneration
 49312 | Crypt:2  | Learned a level 3 spell: Spectral Weapon
 49646 | Crypt:2  | Reached skill level 13 in Evocations
 50638 | Crypt:3  | Entered Level 3 of the Crypt
 50736 | Crypt:3  | Reached skill level 17 in Fighting
 50950 | Crypt:3  | Identified the +6 scale mail of Impressiveness {rPois rCorr Int-3} (You found it on level 3 of the Crypt)
 51464 | Crypt:3  | Found a staircase to the Tomb.
 51765 | Crypt:3  | Reached skill level 14 in Evocations
 51789 | Crypt:3  | --yay +5 demon trident, just what's needed for the Trove!
 52627 | D:12     | You paid a toll of a +5 demon trident to enter a treasure trove
 52628 | Trove    | Entered a treasure trove
 52640 | Trove    | Got a slimy golden ring
 52648 | Trove    | Got a coiled silver ring
 52650 | Trove    | Got a twitching platinum amulet
 52652 | Trove    | Got a scintillating garnet amulet
 52660 | Trove    | Got a smoking glass ring
 52693 | Trove    | Identified the ring "Qogapa" {+Fly Dex+2} (You found it in a treasure trove)
 52696 | Trove    | Identified the amulet of Voysakin {Acrobat rF+ Dex-4 SInv} (You found it in a treasure trove)
 52697 | Trove    | Identified the amulet of Trepidation {RegenMP rElec rC+ Int-5 Dex+4} (You found it in a treasure trove)
 52698 | Trove    | Identified the ring "Putaav" {*Contam +Inv +Fly rN+ MR+} (You found it in a treasure trove)
 52699 | Trove    | Identified the ring "Talaq" {rC- Str-3 Dex+5 SInv Stlth+} (You found it in a treasure trove)
 53291 | Crypt:3  | Gained mutation: You resist negative energy. (rN+) [demonic ancestry]
 53291 | Crypt:3  | Reached XP level 22. HP: 178/182 MP: 32/32
 53473 | Crypt:3  | Found an ancient bone altar of Kikubaaqudgha.
 53475 | Crypt:3  | Noticed an ancient lich
 53492 | Crypt:3  | Killed an ancient lich
 53526 | Crypt:3  | Found the +8 mithril axe "Arga" {speed, MR+}
 53533 | Crypt:3  | Got a glittering jade ring
 53533 | Crypt:3  | Got a clouded platinum ring
 53537 | Crypt:3  | Identified the ring "Tirhay" {rPois rN+ Slay+3 Stlth-} (You found it on level 3 of the Crypt)
 53538 | Crypt:3  | Identified the ring of Ymis {rElec rN+ Int+2 SInv Stlth-} (You found it on level 3 of the Crypt)
 53539 | Crypt:3  | --damn second recent game where Arga's turned up but it's no use!
 53544 | Crypt:3  | Noticed an ancient lich
 53556 | Crypt:3  | Killed an ancient lich
 53556 | Crypt:3  | Reached skill level 18 in Fighting
 54152 | Elf:1    | Entered Level 1 of the Elven Halls
 54193 | Elf:1    | Found a radiant altar of Vehumet.
 54341 | Elf:1    | Reached skill level 15 in Evocations
 54567 | Elf:1    | HP: 51/185 [???[a deep elf demonologist] (38)]
 54588 | Elf:1    | HP: 35/185 [antimagic halberd (2)]
 54598 | Elf:1    | HP: 28/185 [battlesphere[a deep elf mage] (9)]
 55196 | Elf:2    | Paralysed by a floating eye for 2 turns
 55833 | Elf:2    | Found Adep's General Store.
 55836 | Elf:2    | Bought a box of beasts for 300 gold pieces
 55836 | Elf:2    | Bought a potion of curing for 45 gold pieces
 55870 | Elf:2    | Identified the +12 crystal plate armour "Pugrefic" {SInv Stlth+} (You found it on level 2 of the Elven Halls)
 55871 | Elf:2    | --Woah, that is Pugeriffic! Crappy no good plate armour problem solved!
 55956 | Elf:2    | Found a large runed door.
 55956 | Elf:2    | Found a large runed door.
 55981 | Elf:2    | Found a large runed door.
 55981 | Elf:2    | Found a large runed door.
 56358 | Elf:2    | Reached skill level 16 in Evocations
 56926 | Elf:3    | Entered Level 3 of the Elven Halls
 56994 | Elf:3    | Found the amulet of the Four Winds {rN+ MR+++ Clar}
 57024 | Elf:3    | Found Deorgh's Armour Emporium.
 57024 | Elf:3    | Found Zoyxia's General Store.
 57025 | Elf:3    | Found Kokhlenum's Assorted Antiques.
 57027 | Elf:3    | Found Luav's Antique Weapon Emporium.
 57051 | Elf:3    | Bought a scroll labeled GOWKOU SILAHAI for 34 gold pieces
 57409 | Elf:3    | Noticed Bai Suzhen
 57431 | Elf:3    | Killed Bai Suzhen
 57709 | Elf:3    | Reached skill level 17 in Armour
 57770 | Elf:3    | Gained mutation: You are somewhat able to resist unholy torments (1 in 2 success). [demonic ancestry]
 57770 | Elf:3    | Reached XP level 23. HP: 64/192 MP: 27/35
 58926 | Elf:3    | Reached skill level 18 in Armour
 59629 | Depths:1 | Entered Level 1 of the Depths
 60134 | Depths:1 | Noticed the Enchantress
 60172 | Depths:1 | HP: 49/192 [spriggan defender/flail of protection[the Enchantress] (9)]
 60177 | D:15     | HP: 37/192 [poisoned by the Enchantress]
 60182 | D:15     | HP: 35/192 [poisoned by the Enchantress]
 60187 | D:15     | HP: 33/192 [poisoned by the Enchantress]
 60194 | D:15     | HP: 31/192 [poisoned by the Enchantress]
 60202 | D:15     | HP: 33/192 [poisoned by the Enchantress]
 60650 | D:15     | Killed the Enchantress
 60652 | D:15     | Got faerie dragon scales
 60660 | D:15     | Identified the +2 faerie dragon scales {rElec rCorr Dex+3} (You took it off the Enchantress on level 15 of the Dungeon)
 60835 | Depths:1 | Reached skill level 19 in Armour
 61178 | Depths:1 | Found a one-way gate to the infinite horrors of the Abyss.
 61284 | Depths:1 | Found a one-way gate leading to the halls of Pandemonium.
 61427 | Depths:1 | Found a gateway to Hell.
 61495 | Depths:2 | Cast into level 3 of the Abyss (hell knight)
 61661 | Abyss:3  | Gained mutation: You are frail. (-10% HP) [a neqoxec]
 61668 | Abyss:3  | Gained mutation: You have an increased reservoir of magic. (+10% MP) [a neqoxec]
 61833 | Depths:2 | Escaped the Abyss
 62337 | Depths:2 | Reached skill level 20 in Armour
 62515 | Depths:2 | Found a gateway to a ziggurat.
 62517 | Depths:2 | Reached XP level 24. HP: 177/179 MP: 38/38
 63111 | Depths:2 | Found a transporter.
 63118 | Depths:2 | Found a viscous altar of Jiyva.
 63161 | Depths:2 | Found Umahuxan's Antique Armour Boutique.
 63387 | Depths:3 | Reached skill level 21 in Armour
 63512 | Depths:3 | Paralysed by a floating eye for 4 turns
 64048 | Depths:3 | Noticed Margery
 64048 | Depths:3 | Noticed Frederick
 64067 | Depths:3 | Killed Frederick
 64072 | Depths:3 | Killed Margery
 64090 | Depths:3 | Noticed a juggernaut
 64117 | Depths:3 | Killed a juggernaut
 64117 | Depths:3 | Reached skill level 22 in Armour
 64125 | Depths:3 | HP: 40/179 [spark wasp simulacrum[a necromancer] (20)]
 64153 | Depths:3 | HP: 41/179 [spark wasp (4)]
 64155 | Depths:3 | HP: 16/179 [spark wasp (7)]
 64553 | Depths:3 | Reached skill level 2 in Dodging
 64939 | Depths:3 | Reached skill level 3 in Dodging
 65058 | Depths:3 | Reached skill level 19 in Fighting
 65352 | Depths:2 | Reached skill level 4 in Dodging
 65816 | Depths:3 | Reached skill level 5 in Dodging
 65831 | Depths:3 | Reached XP level 25. HP: 170/187 MP: 38/38
 66460 | Depths:3 | Reached skill level 6 in Dodging
 67084 | Depths:4 | Reached skill level 7 in Dodging
 67272 | Depths:4 | Noticed Xtahua
 67285 | Depths:4 | Killed Xtahua
 67295 | Depths:4 | Reached skill level 20 in Fighting
 67535 | Depths:4 | Reached skill level 8 in Dodging
 67881 | Depths:4 | Found Jirucora's Weapon Shop.
 68235 | Depths:5 | Entered Level 5 of the Depths
 68739 | Depths:5 | Reached skill level 9 in Dodging
 68984 | Depths:5 | Found Paschuar's General Store.
 68985 | Depths:5 | Found Dacluut's Assorted Antiques.
 68985 | Depths:5 | Found Pacokub's Armour Shoppe.
 68990 | Depths:5 | Bought a potion of mutation for 112 gold pieces
 68990 | Depths:5 | Found Ulemestro's Gadget Shoppe.
 69005 | Depths:5 | Bought a brass ring for 180 gold pieces
 69005 | Depths:5 | Bought a twisted garnet ring for 180 gold pieces
 69448 | Depths:4 | Reached skill level 10 in Dodging
 69545 | Depths:5 | HP: 37/190 [ice dragon/blast of cold (27)]
 69557 | Depths:5 | HP: 35/190 [tengu reaver/bolt of lightning (2)]
 70081 | Depths:4 | Reached skill level 1 in Shields
 70182 | Depths:5 | Paralysed by a floating eye for 4 turns
 70359 | Depths:5 | HP: 56/191 [yellow draconian scorcher/bolt of magma (6)]
 70361 | Depths:5 | Reached skill level 2 in Shields
 70366 | Depths:5 | HP: 51/191 [acid (6)]
 70824 | Depths:5 | Found a gate to the Realm of Zot.
 71829 | Vaults:5 | Entered Level 5 of the Vaults
 71872 | Vaults:4 | Reached skill level 3 in Shields
 72049 | Vaults:5 | Reached skill level 21 in Fighting
 72061 | Vaults:5 | Gained mutation: Your melee attacks may debilitate your foes. [demonic ancestry]
 72061 | Vaults:5 | Reached XP level 26. HP: 169/199 MP: 38/38
 72072 | Vaults:5 | Reached skill level 4 in Shields
 72178 | Vaults:5 | Reached skill level 11 in Dodging
 72186 | Vaults:5 | Found the amulet of Vitality {Regen+ HP+15}
 72609 | Vaults:5 | Got a glittering lead amulet
 72616 | Vaults:5 | Identified the amulet of Woyris {RegenMP SInv} (You took it off an ironbrand convoker on level 5 of the Vaults)
 72683 | Vaults:5 | HP: 51/199 [ice dragon/blast of cold (43)]
 72688 | Vaults:5 | HP: 35/199 [ice dragon/blast of cold (16)]
 72708 | Vaults:5 | HP: 48/199 [stone giant/large rock (2)]
 73315 | Vaults:4 | Reached skill level 12 in Dodging
 73491 | Vaults:5 | HP: 56/201 [flayed ghost (9)]
 73504 | Vaults:5 | HP: 47/201 [sphinx/divine providence (10)]
 73574 | Vaults:5 | HP: 52/201 [tengu reaver/bolt of magma (18)]
 73598 | Vaults:5 | Reached skill level 22 in Fighting
 73608 | Vaults:5 | HP: 54/201 [alligator (glowing shapeshifter) (2)]
 73622 | Vaults:5 | Reached skill level 1 in Summonings
 73829 | Vaults:5 | Got a faintly glowing longbow
 73882 | Vaults:5 | Reached skill level 13 in Dodging
 73882 | Vaults:5 | Reached skill level 2 in Summonings
 73966 | Vaults:5 | Identified the +0 longbow of Quick Death {flame, MR++ Dex+3} (You took it off an ironheart preserver on level 5 of the Vaults)
 74251 | Vaults:5 | Reached skill level 3 in Summonings
 74526 | Vaults:5 | Reached skill level 4 in Summonings
 74877 | Vaults:5 | Reached skill level 5 in Summonings
 74917 | Vaults:5 | Got a silver rune of Zot
 74970 | Vaults:5 | Identified the Guide on Slavery and Aid
 75232 | Vaults:5 | Identified the Reference Book on the Harmful Rocks
 75715 | Slime:1  | Entered Level 1 of the Pits of Slime
 75979 | Slime:2  | Reached skill level 6 in Summonings
 76122 | Slime:3  | Reached skill level 14 in Dodging
 76202 | Slime:4  | Gained mutation: You are agile. (Dex +2) [a shining eye]
 76202 | Slime:4  | Gained mutation: You occasionally shout uncontrollably at your foes. [a shining eye]
 76244 | Slime:5  | Entered Level 5 of the Pits of Slime
 76350 | Slime:5  | Reached XP level 27. HP: 119/207 MP: 34/38
 76853 | Slime:5  | Noticed the Royal Jelly
 76893 | Slime:5  | Found a viscous altar of Jiyva.
 76901 | Slime:5  | Became a worshipper of Jiyva Jarhuwk the Shapeless
 77405 | Lair:1   | Found the +3 crown of Dyrovepreva {rElec Int+2 SInv}
 77495 | Orc:2    | Bought a potion of haste for 180 gold pieces
 77495 | Orc:2    | Bought a potion of haste for 180 gold pieces
 77495 | Orc:2    | Bought a potion of curing for 54 gold pieces
 77675 | Elf:1    | Reached * piety under Jiyva
 77693 | Elf:1    | Reached ** piety under Jiyva
 77907 | Depths:2 | Reached *** piety under Jiyva
 77907 | Depths:2 | Gained mutation: You possess an exceptional clarity of mind. [Jiyva's grace]
 77938 | Depths:2 | Found a transporter.
 78035 | Zot:1    | Entered Level 1 of the Realm of Zot
 78578 | Zot:1    | Gained mutation: You have a small jelly attached to you that may absorb incoming projectiles. [Jiyva's grace]
 78583 | Zot:1    | Reached **** piety under Jiyva
 79116 | Zot:1    | Reached skill level 17 in Evocations
 79265 | Zot:1    | Reached skill level 15 in Dodging
 79677 | Zot:2    | Noticed an orb of fire
 79769 | Zot:2    | Lost mutation: You possess an exceptional clarity of mind. [Jiyva's grace]
 79891 | Zot:2    | Reached ***** piety under Jiyva
 79892 | Zot:2    | Lost mutation: You are frail. (-10% HP) [Jiyva's power]
 80253 | Zot:3    | Gained mutation: You are covered in slimy tendrils that may disarm your opponents. [Jiyva's grace]
 80271 | Zot:3    | Gained mutation: You have large cloven feet. [Jiyva's grace]
 80493 | Zot:3    | Gained mutation: You have supernaturally acute eyesight. (SInv) [Jiyva's grace]
 80529 | Zot:3    | Reached skill level 18 in Evocations
 80589 | Zot:3    | Reached skill level 16 in Dodging
 80952 | Zot:3    | Reached ****** piety under Jiyva
 80955 | Zot:3    | Gained mutation: You possess an exceptional clarity of mind. [Jiyva's grace]
 80978 | Zot:3    | Gained mutation: You passively map a small area around you. [Jiyva's grace]
 81219 | D:11     | Lost mutation: You are covered in slimy tendrils that may disarm your opponents. [Jiyva's grace]
 81651 | Zot:4    | Reached skill level 23 in Unarmed Combat
 81800 | Zot:4    | Lost mutation: You are agile. (Dex +2) [Jiyva's grace]
 81832 | Zot:4    | Found a transporter.
 82299 | Zot:5    | Entered Level 5 of the Realm of Zot
 82543 | Zot:5    | Lost mutation: You have supernaturally acute eyesight. (SInv) [Jiyva's grace]
 82675 | Zot:5    | Noticed an ancient lich
 82796 | Zot:5    | Killed an ancient lich
 82926 | Zot:5    | Reached skill level 24 in Unarmed Combat
 82958 | Zot:5    | Noticed an orb of fire
 82975 | Zot:5    | Killed an orb of fire
 83063 | Zot:5    | Lost mutation: You occasionally shout uncontrollably at your foes. [Jiyva's grace]
 83239 | Zot:5    | Noticed an orb of fire
 83253 | Zot:5    | Killed an orb of fire
 83254 | Zot:5    | Noticed an ancient lich
 83289 | Zot:5    | Killed an ancient lich
 83429 | Zot:5    | Reached skill level 25 in Unarmed Combat
 83614 | Zot:5    | Gained mutation: Your rubbery body absorbs attacks. (AC +1, EV +1) [Jiyva's grace]
 83787 | Zot:5    | Noticed an orb of fire
 83796 | Zot:5    | Killed an orb of fire
 83920 | Zot:5    | Got the Orb of Zot
 84212 | D:15     | Reached skill level 26 in Unarmed Combat
 84233 | D:13     | Lost mutation: You passively map a small area around you. [Jiyva's grace]
 84483 | D:$      | Escaped with the Orb!

Vault maps used:
D:1:      dpeg_arrival_tiny_e, minivault_24
D:2:      serial_curves, eino_curves_01, eino_curves_02, first_ration,
          skrybe_limestone_x, uniq_sigmund
D:3:      old_standard_altar, uniq_terence
D:4:      kennysheep_mini_moat, minmay_temple_entry_hall,
          eino_small_chamber_without_monster, tso_altar
D:5:      minivault_24, uniq_ijyb, uniq_crazy_yiuf_cottage, uniq_edmund
D:6:      kennysheep_mini, enter_ossuary_5, grunt_dithmenos_smoke_and_mirrors,
          uniq_menkaure, uniq_prince_ribbit1
D:7:      fedhas_altar_decomposition
D:8:      grunt_temple_overflow_open
D:9:      lemuel_doored_altar, erik_orc_4
D:10:     minmay_four_partial_circles, lair_entry_dummy, grunt_pizzeria,
          hangedman_weighted_door
D:11:     minmay_evil_grid, uniq_grum
D:12:     serial_shops, nicolae_shop_competitors_out_of_business,
          nicolae_trove_entry_diagonal, minmay_crystal_water, spider_trap
D:14:     david_vaults_2, serial_park_square1, st_stairs_9, lemuel_tele_altar,
          uniq_urug, uniq_agnes
D:15:     gammafunk_depths_entry_grave, serial_park_tiny_2, minivault_5
Temple:   lightli_temple_of_artemis
Lair:1:   lab_entry_generic, infiniplex_staircase_pool_2, grunt_megastairs_2,
          lemuel_fruit_tree, serial_bayou_shore_a
Lair:3:   ice2_lemuel, grunt_megastairs_3
Lair:4:   swamp_mist, nicolae_spider_entry_orb_guardian, serial_bayou,
          serial_bayou_pond_c, serial_bayou_pond_a, serial_bayou_pond_c,
          serial_bayou_lagoon_b, grunt_megastairs_4
Lair:5:   enter_volcano_3, infiniplex_staircase_pool
Lair:6:   minmay_lair_end_frog_pond, nicolae_slime_entry_slimehenge,
          lemuel_fruit_fields, serial_bayou_shore_b
Swamp:1:  cheibrodos_swamp_monstrosity, evilmike_swamp_ruin_house_2
Swamp:2:  serial_swamp_ruin, evilmike_swamp_ruin_rubble_1,
          evilmike_swamp_ruin_house_6, uniq_frances
Swamp:3:  nicolae_swamp_rocky_clearing
Swamp:4:  swamp_alternative, swamp_pool1, lightli_tree_ring, uniq_aizul
Spider:1: nicolae_spider_webs_and_nodes, uniq_roxanne
Spider:2: nicolae_spider_webbed_stairs
Spider:4: grunt_spider_rune_parallel, nicolae_orb_island, uniq_arachne
Orc:1:    basic_altar
Orc:2:    st_orc_elflike, uniq_snorg
Elf:1:    eino_elf_arrival_altar, minmay_elf_crystal_hexagon
Elf:2:    serial_shops, nicolae_shop_behind_doors,
          nicolae_elf_glass_and_crystal_pillar_2, minmay_crystal_room
Elf:3:    minmay_elf_hall_hex, minmay_shop_grid_forest, uniq_bai_suzhen
Vaults:1: v_misc_33, nicolae_vaults_big_angled_halls,
          nicolae_vaults_circle_grid_a, hangedman_vaults_river_flow,
          grunt_vaults_hallway_long, nicolae_vaults_twisting_passages,
          vaults_room_door_ring, v_misc_16, ontoclasm_vaults_decontamination,
          vaults_dpeg_doors, v_rooms_3, hangedman_vaults_stretched_pinwheel,
          serial_shops, nicolae_shop_waterfront, uniq_jorgrun
Vaults:2: v_misc_16, minmay_crypt_entry_simple_box, grunt_vaults_funnel,
          grunt_vaults_hallway_short, hangedman_vaults_stream,
          nicolae_vaults_minivaults, v_alt_pattern_1,
          nicolae_vaults_circle_grid_b, v_misc_29, vaults_room_pools,
          ontoclasm_vaults_hangar, nicolae_vaults_circle_grid_a,
          hangedman_vaults_hat, hangedman_vaults_slice, v_misc_3, uniq_nikola
Vaults:3: nicolae_vaults_fighting_squares, hangedman_vaults_nails,
          vaults_mumra_minichess_inversion, hangedman_vaults_locks,
          vaults_standard_mumra_enter_the_diamond, v_alt_pattern_5,
          ontoclasm_vaults_loading_screen, v_misc_22, ontoclasm_vaults_pinch,
          portal_desolation_entry_salt
Vaults:4: st_cells, nicolae_vaults_network_s, nicolae_vaults_circle_grid_a,
          v_misc_27, nicolae_vaults_circle_grid_a, vaults_mumra_minichess,
          vaults_mumra_chevron_long, vaults_dpeg_ring, nicolae_vaults_asterisk,
          ontoclasm_vaults_ring_square, ontoclasm_vaults_gateway, v_misc_2
Crypt:1:  grunt_crypt_arrival_guarded_gate, uniq_mara, uniq_donald
Crypt:2:  weyrava_ghost_lake, basic_stair_grate_trap
Crypt:3:  quadcrypt_mu
Depths:1: abyss_entry, nrook_mini_vaults, grunt_pan_entry_spiral,
          lightli_too_deep, st_stairs_1, grunt_ministairs_9,
          hangedman_stitches_earthworm, uniq_enchantress
Depths:2: gammafunk_jiyva_shrine, enter_ziggurat_c,
          hangedman_abyss_or_decor_slice, hell_entry, serial_shops,
          nicolae_shop_overgrown_old_shop, minmay_staircase_bubble,
          serial_bayou_shore_b, grunt_megastairs_1
Depths:3: minmay_swirls_squares, hellmouth_1, pan_entry, minmay_strange_pillars,
          uniq_margery, uniq_frederick
Depths:4: kennysheep_snake, minmay_misc_feat_four_crosses, hellmouth_3,
          hangedman_abyss_entry_splay, serial_shops, nicolae_shop_behind_doors,
          basic_stair_grate_trap, minmay_staircase_windowed_small, uniq_xtahua
Depths:5: grunt_zot_entry_bicorn, pf_dread_powers_of_hell, minmay_shoptagon
Zot:2:    nrook_zot_tub
Zot:3:    gammafunk_mikee_crab_dinner, st_small_dragon_hoard_3
Zot:4:    gammafunk_the_bubble
Abyss:3:  serial_sigils_hangedman_shear
Lab:      labyrinth_spiral, labyrinth_skeletal_remains, labyrinth_glass_1,
          nicolae_lab_very_dead_end, nicolae_lab_big_swirl
Trove:    trove_jewel_1
Ossuary:  ossuary_zaba_two_paths
Volcano:  volcano_lake

Skill      XL: |  1  2  3  4  5  6  7  8  9 10 11 12 13 14 15 16 17 18 19 20 21 22 23 24 25 26 27 |
---------------+----------------------------------------------------------------------------------+-----
Fighting       | 2 6 9 10 11 13 14 16 17 18 19 21 22 | 22.0
Unarmed Combat | 1 2 3 4 5 6 8 10 12 14 15 16 17 18 19 20 21 22 26 | 26.0
Armour         | 1 2 3 4 5 7 8 10 11 12 13 15 16 17 20 22 | 22.0
Evocations     | 5 6 10 12 14 16 18 | 18.0
Throwing       | 5 10 | 10.0
Dodging        | 5 10 14 16 | 16.0
Shields        | 3 4 |  4.0
Summonings     | 6 |  6.2
Short Blades   | |  2.6
Stealth        | |  1.0
Spellcasting   | |  2.0
Necromancy     | |  1.1

Action                   |  1- 3 |  4- 6 |  7- 9 | 10-12 | 13-15 | 16-18 | 19-21 | 22-24 | 25-27 || total
-------------------------+-------+-------+-------+-------+-------+-------+-------+-------+-------++-------
Melee: Short sword       |   145 |   122 |       |       |       |       |       |       |       ||   267
       Whip              |       |    47 |   469 |   189 |    31 |   106 |       |       |       ||   842
       Unarmed           |       |    20 |    33 |   582 |   772 |  1502 |  1954 |  1479 |  2268 ||  8610
       Punch             |       |     1 |    17 |    36 |    42 |   203 |   243 |   137 |     2 ||   681
       Staff             |       |       |       |       |       |   397 |       |       |       ||   397
 Fire: Blowgun           |       |       |       |       |       |       |     1 |       |       ||     1
Throw: Stone             |    27 |     9 |       |       |       |       |       |       |       ||    36
       Tomahawk          |       |       |    12 |    40 |       |       |       |       |       ||    52
       Javelin           |       |       |       |     6 |    16 |    15 |    20 |    22 |    14 ||    93
       Throwing net      |       |       |       |       |       |       |     1 |       |       ||     1
Invok: Slimify           |       |       |       |       |       |       |       |       |     1 ||     1
       Cure Bad Mutation |       |       |       |       |       |       |       |       |     1 ||     1
 Abil: Evoke Fog         |       |       |       |       |       |    18 |       |     5 |     9 ||    32
       Evoke Flight      |       |       |       |       |       |       |     2 |     2 |     1 ||     5
Evoke: Wand              |       |     5 |     7 |     7 |     5 |     7 |     4 |     3 |     2 ||    40
  Use: Scroll            |     3 |     6 |    10 |    10 |     4 |    14 |    22 |     6 |    15 ||    90
       Potion            |       |       |     2 |     3 |     3 |     2 |     7 |     1 |     6 ||    24
 Stab: Petrified         |       |       |       |       |       |    18 |       |       |       ||    18
       Paralysed         |       |       |       |       |       |     2 |     2 |     1 |       ||     5
       Distracted        |       |       |       |       |       |       |       |       |     3 ||     3
  Eat: Chunk             |     2 |     5 |    13 |    18 |    21 |    44 |    31 |    38 |    29 ||   201
       Ration            |       |     1 |     1 |     1 |       |     4 |     4 |     1 |     4 ||    16
Armor: Robe              |    11 |       |       |       |       |       |       |       |       ||    11
       Chain mail        |    57 |    96 |       |       |       |       |       |       |       ||   153
       Scale mail        |       |    15 |   266 |    70 |       |       |       |       |       ||   351
       Plate armour      |       |       |       |   454 |   519 |  1874 |  1053 |   166 |       ||  4066
       Crystal plate arm |       |       |       |       |       |       |       |   998 |  1551 ||  2549
Dodge: Dodged            |    56 |    39 |   148 |   182 |   180 |   672 |   542 |   281 |   840 ||  2940
Block: Buckler           |       |       |       |       |       |       |       |       |   360 ||   360

Table legend:
 A = Spawn XP
 B = Non-spawn XP
 C = Spawn XP percentage of total XP
 D = Spawn monster count
 E = Non-spawn monster count
 F = Spawn count percentage of total count
 G = Total turns spent on level
                    A         B        C        D         E        F      G
               +---------+---------+-------+---------+---------+-------+---------
         Total |   15795 | 1848235 |   0.8 |      31 |    2763 |   1.1 | 84483
               +---------+---------+-------+---------+---------+-------+---------
           D:1 |       0 |      49 |   0.0 |       0 |      29 |   0.0 |  1116
           D:2 |       0 |     297 |   0.0 |       0 |      19 |   0.0 |  1140
           D:3 |       0 |     117 |   0.0 |       0 |      12 |   0.0 |  1398
           D:4 |       0 |     891 |   0.0 |       0 |      32 |   0.0 |  1536
           D:5 |       0 |     493 |   0.0 |       0 |       9 |   0.0 |   802
           D:6 |       0 |    2079 |   0.0 |       0 |      34 |   0.0 |  1247
           D:7 |       0 |    1041 |   0.0 |       0 |      16 |   0.0 |   915
           D:8 |       0 |    2545 |   0.0 |       0 |      35 |   0.0 |  1072
           D:9 |       0 |    2963 |   0.0 |       0 |      37 |   0.0 |  1369
          D:10 |       0 |    6110 |   0.0 |       0 |      53 |   0.0 |  1859
          D:11 |       0 |   10357 |   0.0 |       0 |      48 |   0.0 |   900
          D:12 |       0 |    4392 |   0.0 |       0 |      15 |   0.0 |  1684
          D:13 |       0 |    5802 |   0.0 |       0 |      27 |   0.0 |   924
          D:14 |       0 |   24499 |   0.0 |       0 |      57 |   0.0 |  2318
          D:15 |       0 |   28644 |   0.0 |       0 |      52 |   0.0 |  1630
        Lair:1 |       0 |    4448 |   0.0 |       0 |      20 |   0.0 |  1524
        Lair:2 |       0 |    3021 |   0.0 |       0 |       8 |   0.0 |   682
        Lair:3 |       0 |   11403 |   0.0 |       0 |      48 |   0.0 |  1330
        Lair:4 |       0 |    8002 |   0.0 |       0 |      32 |   0.0 |  1346
        Lair:5 |       0 |    6796 |   0.0 |       0 |      22 |   0.0 |   960
        Lair:6 |       0 |   26604 |   0.0 |       0 |     104 |   0.0 |  2202
       Swamp:1 |       0 |    8589 |   0.0 |       0 |      15 |   0.0 |   874
       Swamp:2 |       0 |    7903 |   0.0 |       0 |      17 |   0.0 |   770
       Swamp:3 |       0 |   16995 |   0.0 |       0 |      51 |   0.0 |  1080
       Swamp:4 |       0 |   33702 |   0.0 |       0 |      55 |   0.0 |  1443
      Spider:1 |       0 |   18219 |   0.0 |       0 |      50 |   0.0 |   951
      Spider:2 |       0 |    9455 |   0.0 |       0 |      28 |   0.0 |   759
      Spider:3 |       0 |    9972 |   0.0 |       0 |      28 |   0.0 |   709
      Spider:4 |       0 |   39364 |   0.0 |       0 |      80 |   0.0 |  1749
       Slime:1 |       0 |    2552 |   0.0 |       0 |       9 |   0.0 |   125
       Slime:2 |       0 |    6189 |   0.0 |       0 |       9 |   0.0 |   154
       Slime:3 |       0 |    7408 |   0.0 |       0 |       6 |   0.0 |   228
       Slime:4 |       0 |    9518 |   0.0 |       0 |      14 |   0.0 |   495
       Slime:5 |       0 |   22441 |   0.0 |       0 |      19 |   0.0 |   376
         Orc:1 |       0 |    3287 |   0.0 |       0 |      24 |   0.0 |   762
         Orc:2 |       0 |   10917 |   0.0 |       0 |      39 |   0.0 |  1380
         Elf:1 |       0 |   34962 |   0.0 |       0 |      59 |   0.0 |  1495
         Elf:2 |       0 |   44515 |   0.0 |       0 |      63 |   0.0 |  1565
         Elf:3 |       0 |   71522 |   0.0 |       0 |      67 |   0.0 |  2524
      Vaults:1 |       0 |   33797 |   0.0 |       0 |      52 |   0.0 |  3347
      Vaults:2 |       0 |   69151 |   0.0 |       0 |     102 |   0.0 |  2541
      Vaults:3 |       0 |   49873 |   0.0 |       0 |      65 |   0.0 |  2110
      Vaults:4 |       0 |   75240 |   0.0 |       0 |      94 |   0.0 |  2649
      Vaults:5 |       0 |  142732 |   0.0 |       0 |     130 |   0.0 |  2608
       Crypt:1 |       0 |   42266 |   0.0 |       0 |      66 |   0.0 |  1602
       Crypt:2 |       0 |   27062 |   0.0 |       0 |      57 |   0.0 |  1393
       Crypt:3 |       0 |   71496 |   0.0 |       0 |      81 |   0.0 |  2317
      Depths:1 |       0 |   47119 |   0.0 |       0 |      62 |   0.0 |  1765
      Depths:2 |       0 |   72143 |   0.0 |       0 |      84 |   0.0 |  2016
      Depths:3 |       0 |  134956 |   0.0 |       0 |     128 |   0.0 |  2826
      Depths:4 |       0 |   75793 |   0.0 |       0 |      87 |   0.0 |  2574
      Depths:5 |       0 |   49540 |   0.0 |       0 |      47 |   0.0 |  1455
         Zot:1 |       0 |   33085 |   0.0 |       0 |      21 |   0.0 |  1247
         Zot:2 |       0 |   27589 |   0.0 |       0 |      18 |   0.0 |  1071
         Zot:3 |       0 |   97530 |   0.0 |       0 |      58 |   0.0 |  1254
         Zot:4 |       0 |   53306 |   0.0 |       0 |      29 |   0.0 |  1199
         Zot:5 |       0 |  180923 |   0.0 |       0 |      61 |   0.0 |  1283
       Abyss:2 |    2267 |     992 |  69.6 |       8 |       2 |  80.0 |   218
       Abyss:3 |   13528 |    6362 |  68.0 |      23 |      14 |  62.2 |   338
           Lab |       0 |    1239 |   0.0 |       0 |       1 |   0.0 |   450
       Ossuary |       0 |     219 |   0.0 |       0 |      59 |   0.0 |   804
       Volcano |       0 |    4536 |   0.0 |       0 |      18 |   0.0 |   379
    Desolation |       0 |   43223 |   0.0 |       0 |      85 |   0.0 |  1455
               +---------+---------+-------+---------+---------+-------+---------

Table legend:
 A = Turns spent in this place as a percentage of turns spent in the entire game.
 B = Non-inter-level travel turns spent in this place as a percentage of non-inter-level travel turns spent in the entire game.
 C = Inter-level travel turns spent in this place as a percentage of turns spent in this place.
 D = Turns resting spent in this place as a percentage of non-inter-level travel turns spent in this place.
 E = Turns spent auto-exploring this place as a percentage of non-inter-level travel turns spent in this place.
 F = Non-inter-level travel turns spent in this place divided by the number of levels of this place that you've seen.
                   A       B       C       D       E      F
               +-------+-------+-------+-------+-------+----------------------
         Total | 100.0 | 100.0 |  10.5 |  25.1 |  30.3 | 1163.7
       Dungeon |  23.6 |  22.6 |  14.1 |  23.1 |  38.4 | 1139.6
        Temple |   0.1 |   0.1 |  15.4 |   0.0 |  96.6 |  88.0
          Lair |   9.5 |   9.1 |  14.5 |  11.7 |  37.9 | 1146.2
         Swamp |   4.9 |   4.8 |  12.1 |  16.5 |  42.7 | 915.5
   Spider Nest |   4.9 |   5.2 |   5.1 |  23.4 |  30.5 | 988.5
    Slime Pits |   1.6 |   1.6 |  12.3 |  46.7 |   0.0 | 241.8
  Orcish Mines |   2.5 |   2.3 |  19.2 |  23.5 |  34.8 | 865.5
   Elven Halls |   6.6 |   6.6 |  10.9 |  29.7 |  24.6 | 1658.0
        Vaults |  15.7 |  15.3 |  12.5 |  28.7 |  23.5 | 2318.4
         Crypt |   6.3 |   6.5 |   8.1 |  18.0 |  29.1 | 1627.7
        Depths |  12.6 |  13.3 |   5.3 |  39.8 |  22.8 | 2013.8
           Zot |   7.2 |   7.6 |   4.6 |  20.1 |  39.0 | 1155.2
         Abyss |   0.7 |   0.7 |   0.0 |   6.3 |  11.5 | 278.0
     Labyrinth |   0.5 |   0.6 |   0.0 |   0.4 |   0.0 | 450.0
         Trove |   0.1 |   0.1 |   0.0 |   0.0 |   0.0 |  85.0
       Ossuary |   1.0 |   1.1 |   0.0 |  39.2 |   3.4 | 804.0
       Volcano |   0.4 |   0.5 |   0.0 |  12.1 |   0.0 | 379.0
    Desolation |   1.7 |   1.9 |   0.0 |  34.4 |  17.3 | 1455.0
               +-------+-------+-------+-------+-------+----------------------

Vault maps used:
D:1:      dpeg_arrival_tiny_e, minivault_24
D:2:      serial_curves, eino_curves_01, eino_curves_02, first_ration,
          skrybe_limestone_x, uniq_sigmund
D:3:      old_standard_altar, uniq_terence
D:4:      kennysheep_mini_moat, minmay_temple_entry_hall,
          eino_small_chamber_without_monster, tso_altar
D:5:      minivault_24, uniq_ijyb, uniq_crazy_yiuf_cottage, uniq_edmund
D:6:      kennysheep_mini, enter_ossuary_5, grunt_dithmenos_smoke_and_mirrors,
          uniq_menkaure, uniq_prince_ribbit1
D:7:      fedhas_altar_decomposition
D:8:      grunt_temple_overflow_open
D:9:      lemuel_doored_altar, erik_orc_4
D:10:     minmay_four_partial_circles, lair_entry_dummy, grunt_pizzeria,
          hangedman_weighted_door
D:11:     minmay_evil_grid, uniq_grum
D:12:     serial_shops, nicolae_shop_competitors_out_of_business,
          nicolae_trove_entry_diagonal, minmay_crystal_water, spider_trap
D:14:     david_vaults_2, serial_park_square1, st_stairs_9, lemuel_tele_altar,
          uniq_urug, uniq_agnes
D:15:     gammafunk_depths_entry_grave, serial_park_tiny_2, minivault_5
Temple:   lightli_temple_of_artemis
Lair:1:   lab_entry_generic, infiniplex_staircase_pool_2, grunt_megastairs_2,
          lemuel_fruit_tree, serial_bayou_shore_a
Lair:3:   ice2_lemuel, grunt_megastairs_3
Lair:4:   swamp_mist, nicolae_spider_entry_orb_guardian, serial_bayou,
          serial_bayou_pond_c, serial_bayou_pond_a, serial_bayou_pond_c,
          serial_bayou_lagoon_b, grunt_megastairs_4
Lair:5:   enter_volcano_3, infiniplex_staircase_pool
Lair:6:   minmay_lair_end_frog_pond, nicolae_slime_entry_slimehenge,
          lemuel_fruit_fields, serial_bayou_shore_b
Swamp:1:  cheibrodos_swamp_monstrosity, evilmike_swamp_ruin_house_2
Swamp:2:  serial_swamp_ruin, evilmike_swamp_ruin_rubble_1,
          evilmike_swamp_ruin_house_6, uniq_frances
Swamp:3:  nicolae_swamp_rocky_clearing
Swamp:4:  swamp_alternative, swamp_pool1, lightli_tree_ring, uniq_aizul
Spider:1: nicolae_spider_webs_and_nodes, uniq_roxanne
Spider:2: nicolae_spider_webbed_stairs
Spider:4: grunt_spider_rune_parallel, nicolae_orb_island, uniq_arachne
Orc:1:    basic_altar
Orc:2:    st_orc_elflike, uniq_snorg
Elf:1:    eino_elf_arrival_altar, minmay_elf_crystal_hexagon
Elf:2:    serial_shops, nicolae_shop_behind_doors,
          nicolae_elf_glass_and_crystal_pillar_2, minmay_crystal_room
Elf:3:    minmay_elf_hall_hex, minmay_shop_grid_forest, uniq_bai_suzhen
Vaults:1: v_misc_33, nicolae_vaults_big_angled_halls,
          nicolae_vaults_circle_grid_a, hangedman_vaults_river_flow,
          grunt_vaults_hallway_long, nicolae_vaults_twisting_passages,
          vaults_room_door_ring, v_misc_16, ontoclasm_vaults_decontamination,
          vaults_dpeg_doors, v_rooms_3, hangedman_vaults_stretched_pinwheel,
          serial_shops, nicolae_shop_waterfront, uniq_jorgrun
Vaults:2: v_misc_16, minmay_crypt_entry_simple_box, grunt_vaults_funnel,
          grunt_vaults_hallway_short, hangedman_vaults_stream,
          nicolae_vaults_minivaults, v_alt_pattern_1,
          nicolae_vaults_circle_grid_b, v_misc_29, vaults_room_pools,
          ontoclasm_vaults_hangar, nicolae_vaults_circle_grid_a,
          hangedman_vaults_hat, hangedman_vaults_slice, v_misc_3, uniq_nikola
Vaults:3: nicolae_vaults_fighting_squares, hangedman_vaults_nails,
          vaults_mumra_minichess_inversion, hangedman_vaults_locks,
          vaults_standard_mumra_enter_the_diamond, v_alt_pattern_5,
          ontoclasm_vaults_loading_screen, v_misc_22, ontoclasm_vaults_pinch,
          portal_desolation_entry_salt
Vaults:4: st_cells, nicolae_vaults_network_s, nicolae_vaults_circle_grid_a,
          v_misc_27, nicolae_vaults_circle_grid_a, vaults_mumra_minichess,
          vaults_mumra_chevron_long, vaults_dpeg_ring, nicolae_vaults_asterisk,
          ontoclasm_vaults_ring_square, ontoclasm_vaults_gateway, v_misc_2
Crypt:1:  grunt_crypt_arrival_guarded_gate, uniq_mara, uniq_donald
Crypt:2:  weyrava_ghost_lake, basic_stair_grate_trap
Crypt:3:  quadcrypt_mu
Depths:1: abyss_entry, nrook_mini_vaults, grunt_pan_entry_spiral,
          lightli_too_deep, st_stairs_1, grunt_ministairs_9,
          hangedman_stitches_earthworm, uniq_enchantress
Depths:2: gammafunk_jiyva_shrine, enter_ziggurat_c,
          hangedman_abyss_or_decor_slice, hell_entry, serial_shops,
          nicolae_shop_overgrown_old_shop, minmay_staircase_bubble,
          serial_bayou_shore_b, grunt_megastairs_1
Depths:3: minmay_swirls_squares, hellmouth_1, pan_entry, minmay_strange_pillars,
          uniq_margery, uniq_frederick
Depths:4: kennysheep_snake, minmay_misc_feat_four_crosses, hellmouth_3,
          hangedman_abyss_entry_splay, serial_shops, nicolae_shop_behind_doors,
          basic_stair_grate_trap, minmay_staircase_windowed_small, uniq_xtahua
Depths:5: grunt_zot_entry_bicorn, pf_dread_powers_of_hell, minmay_shoptagon
Zot:2:    nrook_zot_tub
Zot:3:    gammafunk_mikee_crab_dinner, st_small_dragon_hoard_3
Zot:4:    gammafunk_the_bubble
Abyss:3:  serial_sigils_hangedman_shear
Lab:      labyrinth_spiral, labyrinth_skeletal_remains, labyrinth_glass_1,
          nicolae_lab_very_dead_end, nicolae_lab_big_swirl
Trove:    trove_jewel_1
Ossuary:  ossuary_zaba_two_paths
Volcano:  volcano_lake
